[Event "Early-Titled-Tuesday-Blitz-April-02-2024"]
[Site "Chess.com"]
[Date "2024.04.02"]
[Round "10"]
[White "yaguigor"]
[Black "JosefineHeinemann"]
[Result "0-1"]
[WhiteElo "2636"]
[BlackElo "2545"]
[TimeControl "180+1"]
[EndTime "9:55:12 PDT"]
[Termination "JosefineHeinemann won by resignation"]

1. e4 c5 2. Nf3 d6 3. d4 cxd4 4. Nxd4 Nf6 5. Nc3 a6 6. f3 e5 7.
Nb3 Be6 8. Be3 Be7 9. Qd2 h5 10.
Be2 Nbd7 11. Nd5 Bxd5 12. exd5 Rc8 13. c4 b6 14. O-O a5 15. Rae1 O-O 16. Kh1 a4 17.
Na1 Nc5 18. Nc2 Re8 19. Nb4 e4 20. Nc6 Qd7 21. Nxe7+ Qxe7 22. fxe4 Nfxe4 23. Qc1 Ng3+ 24. hxg3 Qxe3 25. Qxe3 Rxe3 26. Bxh5 Rxe1 27. Rxe1 g6 28. Bg4 f5 29. Bf3 Kf7 30. g4 Nd3 31. Re6 Nxb2 32.
gxf5 gxf5 33. Bh5+ Kg7 34. Rg6+ Kh7 35. Rxd6 Nxc4 36.
Rf6 Ne3 37. d6 Rd8 38. Kg1 b5 39. Kf2 Nc4 40. Rxf5 Nxd6 41. Rd5 Ne4+ 42. Ke3 Rxd5 0-1

[Event "Early-Titled-Tuesday-Blitz-April-02-2024"]
[Site "Chess.com"]
[Date "2024.04.02"]
[Round "10"]
[White "SharapovEvgeny"]
[Black "TitarovVasiliYouTube"]
[Result "1-0"]
[WhiteElo "2583"]
[BlackElo "2636"]
[TimeControl "180+1"]
[EndTime "9:55:16 PDT"]
[Termination "SharapovEvgeny won by resignation"]

1. e4 c5 2. Nf3 Nf6 3. Nc3 d5 4.
exd5 Nxd5 5. Nxd5 Qxd5 6. d4 cxd4 7. Qxd4 Qxd4 8. Nxd4 Bd7 9. f4 Nc6 10. Nxc6 Bxc6 11.
Be3 e6 12. Kf2 Be7 13. Be2 Bf6 14. c3 h5 15. Bf3 Bxf3 16. Kxf3 Kd7 17. Rad1+ Kc6 18.
Bd4 Rad8 19. Bxf6 gxf6 20. g3 f5 21. Ke2 b5 22. Rxd8 Rxd8 23. Rd1 Rxd1 24. Kxd1 Kd5 25. Ke2 Kc4 26. Kd2 f6 27. b3+ Kc5 28. Kd3 e5 29. Ke3 a5 30. Kd3 Kd5 31. Ke3 Kc6 32. Kd3 Kc5 33.
Ke3 b4 34. c4 a4 35. Kd3 a3 36. Ke3 e4 37. h3 Kd6 38. Kd4 Kc6 39. Ke3 Kc5 40.
Ke2 Kd4 41. Kd2 e3+ 42. Ke2 Kc3 43. c5 Kb2 44. c6 Kxa2 45. c7 Kb2 46. c8=Q a2 47.
Qxf5 a1=Q 48. Qxf6+ Kb1 49. Qxa1+ Kxa1 50. f5 Kb2 51. f6 Kxb3 52. f7 Kc2 53. f8=Q 1-0

[Event "Early-Titled-Tuesday-Blitz-April-02-2024"]
[Site "Chess.com"]
[Date "2024.04.02"]
[Round "10"]
[White "slidingknight2775"]
[Black "DeArron_Fox"]
[Result "1-0"]
[WhiteElo "2614"]
[BlackElo "2511"]
[TimeControl "180+1"]
[EndTime "9:55:18 PDT"]
[Termination "slidingknight2775 won on time"]

1. Nf3 d5 2. e3 Nf6 3. b3 Bg4 4.
h3 Bh5 5. Be2 e6 6. Bb2 Bd6 7. Ne5 Bxe2 8. Qxe2 O-O 9. f4 Nfd7 10.
Nf3 c5 11. O-O Nc6 12. d3 e5 13. f5 e4 14. dxe4 dxe4 15. Nfd2 Re8 16. Nc4 Bc7 17.
f6 Nxf6 18. Bxf6 gxf6 19. Nc3 Kh8 20. Rad1 Qc8 21. Qf2 Ne5 22. Qxf6+ Kg8 23. Nd5 Nxc4 24. Qxf7+ Kh8 25. Nf6 1-0

[Event "Early-Titled-Tuesday-Blitz-April-02-2024"]
[Site "Chess.com"]
[Date "2024.04.02"]
[Round "10"]
[White "secrethawk1"]
[Black "DefenceWinsChampionships"]
[Result "1-0"]
[WhiteElo "2429"]
[BlackElo "2298"]
[TimeControl "180+1"]
[EndTime "9:55:20 PDT"]
[Termination "secrethawk1 won on time"]

1. Nf3 c5 2. g3 b6 3. Bg2 Bb7 4. b3 Nf6 5. Bb2 e6 6. O-O Be7 7. d3 d6 8. Nbd2 Qc7 9. e4 Nbd7 10. a4 O-O 11. Re1 a6 12. h4 b5 13. e5 dxe5 14.
Nxe5 Bxg2 15. Kxg2 Nxe5 16. Bxe5 Qc6+ 17. Kg1 Nd7 18.
Bb2 Bf6 19. Bxf6 Nxf6 20. Ne4 Nd5 21. Qh5 h6 22. c4 Nb4 23. axb5 axb5 24. Rad1 Rac8 25.
cxb5 Qb6 26. Kg2 Rfd8 27. Re3 Qxb5 28. Rf3 Qb7 29. Kg1 Qe7 30. g4 Rd5 31. g5 Rcd8 32. Qg4 hxg5 33. hxg5 Rxd3 34. Rdxd3 Rxd3 35. Nf6+ Kf8 36. Qh5 Rd1+ 37. Kg2 1-0

[Event "Early-Titled-Tuesday-Blitz-April-02-2024"]
[Site "Chess.com"]
[Date "2024.04.02"]
[Round "10"]
[White "shirovin"]
[Black "PawnEatingZombie"]
[Result "1-0"]
[WhiteElo "2059"]
[BlackElo "2166"]
[TimeControl "180+1"]
[EndTime "9:55:20 PDT"]
[Termination "shirovin won by resignation"]

1. d4 Nf6 2. Bf4 g6 3. e3 Bg7 4. h4 h5 5. Nf3 O-O 6. Nc3 d5 7. Be2 b6 8. Ne5 c5 9. g4 Nxg4 10. Bxg4 Bxg4 11. Nxg4 hxg4 12. Qxg4 Nc6 13. dxc5 d4 14.
O-O-O dxc3 15. Rxd8 cxb2+ 16. Kb1 Rfxd8 17. h5 Na5 18. Bg5 b5 19. hxg6 Nc4 20. a4 Na3+ 21. Ka2 b1=Q+ 22.
Rxb1 Nxb1 23. Kxb1 bxa4 24. gxf7+ Kxf7 25. Qc4+ Kf8 26. Qf4+ Kg8 27. Qc4+ Kf8 28. Qg4 Rab8+ 29.
Ka2 Rb2+ 30. Ka3 Rxc2 31. Qf5+ Kg8 32. Qxc2 1-0

[Event "Early-Titled-Tuesday-Blitz-April-02-2024"]
[Site "Chess.com"]
[Date "2024.04.02"]
[Round "10"]
[White "sonicdravise"]
[Black "SaiAgni_98"]
[Result "1-0"]
[WhiteElo "2621"]
[BlackElo "2523"]
[TimeControl "180+1"]
[EndTime "9:55:22 PDT"]
[Termination "sonicdravise won by resignation"]

1. d4 d5 2. c4 c6 3. Nf3 Nf6 4. e3 e6 5. b3 Nbd7 6. Bb2 Bd6 7. Bd3 O-O 8. O-O b6 9. Nc3 Bb7 10. Qc2 dxc4 11. bxc4 e5 12. Ne4 Nxe4 13. Bxe4 Nf6 14.
dxe5 Nxe4 15. Qxe4 Be7 16. Nd4 g6 17. Nxc6 Qc7 18.
Nxe7+ Qxe7 19. Qf4 Rac8 20. Rad1 Qe6 21. Rd4 Qc6 22.
f3 Rfe8 23. Qh6 Re6 24. Rh4 Qc5 25. Bd4 Qa3 26. Qxh7+ Kf8 27. Rf4 Rc7 28. Qh8+ Ke7 29.
Qg8 1-0

[Event "Early-Titled-Tuesday-Blitz-April-02-2024"]
[Site "Chess.com"]
[Date "2024.04.02"]
[Round "10"]
[White "Boundless_Strike"]
[Black "NastyaHn"]
[Result "0-1"]
[WhiteElo "2628"]
[BlackElo "2467"]
[TimeControl "180+1"]
[EndTime "9:55:23 PDT"]
[Termination "NastyaHn won on time"]

1. d4 e6 2. e4 d5 3. Nc3 Bb4 4. a3 Bxc3+ 5. bxc3 Ne7 6. e5 c5 7. h4 Qc7 8. Nf3 b6 9. Bb5+ Bd7 10. Bd3 Bc8 11. h5 h6 12. Rh4 Ba6 13. Rg4 Bxd3 14. Qxd3 Nf5 15. Nh4 Nxh4 16. Rxh4 Nc6 17. Rg4 Kf8 18. Bd2 Rc8 19. Kf1 Na5 20. Kg1 Nc4 21. Bf4 Na5 22. Rc1 Nc4 23. a4 Qc6 24. Qg3 Ke7 0-1

[Event "Early-Titled-Tuesday-Blitz-April-02-2024"]
[Site "Chess.com"]
[Date "2024.04.02"]
[Round "10"]
[White "JaackCamel"]
[Black "Josgar05"]
[Result "0-1"]
[WhiteElo "2200"]
[BlackElo "2351"]
[TimeControl "180+1"]
[EndTime "9:55:24 PDT"]
[Termination "Josgar05 won on time"]

1. d4 g6 2. c4 Bg7 3. e4 c5 4.
d5 d6 5. Nf3 Nf6 6. Nc3 O-O 7.
Be2 b5 8. cxb5 a6 9. bxa6 Qa5 10. O-O Bxa6 11. a4 Nbd7 12. Bd2 Bxe2 13. Qxe2 Rfb8 14. Nb5 Qb6 15. b3 Ne8 16. Rab1 Nc7 17. Na3 Qa6 18. Qe3 Nb6 19. Rfc1 Qc8 20. Ne1 e6 21. dxe6 Qxe6 22.
Nf3 Nd7 23. Nc4 Nf6 24. e5 Nfd5 25. Qe4 dxe5 26. Ng5 Qf5 27. Qxf5 gxf5 28. Re1 e4 29. Nh3 Ne6 30. Bg5 Nd4 0-1

[Event "Early-Titled-Tuesday-Blitz-April-02-2024"]
[Site "Chess.com"]
[Date "2024.04.02"]
[Round "10"]
[White "Onischuk_V"]
[Black "stolencandy13"]
[Result "1-0"]
[WhiteElo "2828"]
[BlackElo "2673"]
[TimeControl "180+1"]
[EndTime "9:55:28 PDT"]
[Termination "Onischuk_V won by resignation"]

1. e4 c6 2. d4 d5 3. e5 Bf5 4. Nc3 e6 5. g4 Bg6 6. Nge2 h5 7.
Nf4 Bh7 8. Nxh5 c5 9. Be3 Nc6 10. Bb5 Qc7 11. dxc5 Qxe5 12. Qd4 Qxd4 13. Bxd4 f6 14.
O-O-O Kf7 15. Bxc6 bxc6 16. f4 Ne7 17. Ng3 Ng6 18.
f5 Nf4 19. Be3 Ng2 20. fxe6+ Kxe6 21. Bd4 Kf7 22. Rhf1 Bg6 23. g5 Be7 24. Rd2 Nh4 25. gxf6 gxf6 26. Rdf2 Kg7 27. Rxf6 Bxf6 28. Bxf6+ Kg8 29.
Bxh8 Kxh8 30. Rf6 Rc8 31. Nce2 Kg7 32. Rd6 Nf3 33. Nf4 Be8 34. Nf5+ Kf7 35. Rh6 Ng5 36. h4 Ne4 37. Nd6+ Nxd6 38. cxd6 Kg7 39. Re6 Kf7 40.
Re7+ Kf6 41. d7 Bxd7 42. Rxd7 Rh8 43. h5 Kf5 44. Rf7+ Kg5 45. b3 Re8 46. Nd3 Kxh5 47. Rxa7 Kg5 48. Rc7 Re6 49. a4 Kf5 50. a5 Rh6 51. a6 c5 52. a7 Ra6 53. Nxc5 Ra5 54. b4 Ra3 55. Kb2 1-0

[Event "Early-Titled-Tuesday-Blitz-April-02-2024"]
[Site "Chess.com"]
[Date "2024.04.02"]
[Round "10"]
[White "santosalberto1987"]
[Black "Goffredo_Fofi"]
[Result "0-1"]
[WhiteElo "2487"]
[BlackElo "2580"]
[TimeControl "180+1"]
[EndTime "9:55:28 PDT"]
[Termination "Goffredo_Fofi won by resignation"]

1. e4 g6 2. d4 Bg7 3. Nc3 c6 4. Nf3 d5 5. h3 dxe4 6. Nxe4 Nf6 7. Nxf6+ exf6 8. Bc4 O-O 9. O-O a5 10. a4 Na6 11. c3 Nc7 12. Re1 Nd5 13. Bxd5 Qxd5 14.
Bf4 Be6 15. Qd3 Bf5 16. Qd1 Rfe8 17. Nd2 Rxe1+ 18. Qxe1 Kf8 19. Qf1 Re8 20. Re1 Bc2 21.
Rxe8+ Kxe8 22. Qc4 Bf8 23. Qxd5 cxd5 24. Bc7 Bxa4 25.
Bxa5 Bh6 26. c4 dxc4 27. Nxc4 Bc6 28. Ne3 f5 29. d5 Bb5 30. Bb4 f4 31. Ng4 Bg7 32.
Bc3 Bxc3 33. bxc3 Ke7 34. f3 f6 35. Kf2 h5 36. Nh6 Kf8 37. g4 fxg3+ 38. Kxg3 Kg7 0-1

[Event "Early-Titled-Tuesday-Blitz-April-02-2024"]
[Site "Chess.com"]
[Date "2024.04.02"]
[Round "10"]
[White "KATPAH"]
[Black "vovachesss"]
[Result "1-0"]
[WhiteElo "2688"]
[BlackElo "2807"]
[TimeControl "180+1"]
[EndTime "9:55:29 PDT"]
[Termination "KATPAH won on time"]

1. e4 e5 2. d4 exd4 3. c3 d5 4. exd5 Nf6 5. cxd4 Nxd5 6. Nf3 Ke7 7. Be2 f6 8. Nc3 c6 9. O-O Kf7 10. Nxd5 Qxd5 11.
Qc2 Be6 12. b3 Nd7 13. Bc4 Qd6 14. Re1 Bxc4 15. bxc4 Be7 16. a4 Rae8 17. Qb3 Qb4 18.
Qc2 Nb6 19. c5 Qc4 20. Qf5 g6 21. Ne5+ Kg7 22. Nxc4 gxf5 23. cxb6 Bb4 24. Rxe8 Rxe8 25. Be3 a6 26. Rb1 Bf8 27. Na5 Re7 28. Nxc6 Rd7 29.
Na5 Kf7 30. g3 Ke6 31. Rc1 Bb4 32. Nb3 Kd5 33. Nc5 Re7 34. Nd3 Bd6 35. Nf4+ Ke4 36. Kg2 h5 37. Nxh5 f4 38. Nxf4 Kf5 39. Kf3 1-0

[Event "Early-Titled-Tuesday-Blitz-April-02-2024"]
[Site "Chess.com"]
[Date "2024.04.02"]
[Round "10"]
[White "rezamahdavi2008"]
[Black "Jospem"]
[Result "0-1"]
[WhiteElo "2907"]
[BlackElo "3056"]
[TimeControl "180+1"]
[EndTime "9:55:31 PDT"]
[Termination "Jospem won on time"]

1. e4 c5 2. Nf3 d6 3. d4 cxd4 4. Nxd4 a6 5. Nc3 e6 6. Bd3 b5 7. Be3 Bb7 8. f4 Nf6 9. a3 Nbd7 10. f5 e5 11. Nde2 h6 12. Ng3 h5 13. Bg5 Be7 14. O-O Qb6+ 15. Kh1 h4 16. Nge2 h3 17. Bxf6 Nxf6 18.
Ng3 Rh4 19. Qe2 Kd7 20. a4 Rah8 21. gxh3 Rxh3 22. Rf3 b4 23. a5 Qc5 24. Na4 Qxa5 25. Nf1 R3h4 26. Qf2 Kc7 27. Ng3 d5 28. Kg1 dxe4 29.
Re3 Rxh2 30. Qe1 Bc5 0-1

[Event "Early-Titled-Tuesday-Blitz-April-02-2024"]
[Site "Chess.com"]
[Date "2024.04.02"]
[Round "10"]
[White "IsaqueGoncalvesSanto"]
[Black "Ariadna_Atreides"]
[Result "0-1"]
[WhiteElo "1924"]
[BlackElo "2194"]
[TimeControl "180+1"]
[EndTime "9:55:31 PDT"]
[Termination "Ariadna_Atreides won by checkmate"]

1. d4 Nf6 2. c4 e6 3. Nc3 Bb4 4. Bd2 d5 5. e3 O-O 6. Bd3 c5 7.
cxd5 Nxd5 8. a3 Nxc3 9. bxc3 Ba5 10. Qc2 h6 11. Nf3 Nd7 12. O-O Qc7 13. Rfc1 c4 14. Bh7+ Kh8 15. Be4 f5 16. Rcb1 fxe4 17. Qxe4 Nf6 18.
Qh4 b6 19. Ne5 Kg8 20. e4 Bb7 21. f3 Rad8 22. Qg3 Nd7 23. Bxh6 Nxe5 24. dxe5 Bxc3 25.
Ra2 Bxe5 26. Qg4 Bc8 27. Rc2 c3 28. Rb5 Bf4 29. Rxc3 Qxc3 30. Bxf4 Rd1+ 31. Kf2 Qe1# 0-1

[Event "Early-Titled-Tuesday-Blitz-April-02-2024"]
[Site "Chess.com"]
[Date "2024.04.02"]
[Round "10"]
[White "kai_nov"]
[Black "ladytitan"]
[Result "0-1"]
[WhiteElo "2303"]
[BlackElo "2246"]
[TimeControl "180+1"]
[EndTime "9:55:33 PDT"]
[Termination "ladytitan won by checkmate"]

1. e4 c6 2. d4 d5 3. Nc3 dxe4 4. Nxe4 Nf6 5. Qe2 Nxe4 6. Qxe4 Nd7 7. Nf3 Nf6 8. Qd3 Bg4 9. Be2 e6 10. O-O Bd6 11.
h3 Bh5 12. c3 O-O 13. Bg5 Bc7 14. Ne5 Bg6 15. Nxg6 hxg6 16. Bf3 e5 17. Rfe1 Re8 18. Rad1 exd4 19. Rxe8+ Qxe8 20. Bxf6 gxf6 21. cxd4 Rd8 22. Qb3 Rxd4 23. Rc1 Qe5 24. g3 Qg5 25. Re1 Bxg3 26. Re8+ Kg7 27. fxg3 Qxg3+ 28. Bg2 Rd3 29. Qc2 Qd6 30.
Qe2 Rd1+ 31. Bf1 Rd2 32. Qf3 Qh2# 0-1

[Event "Early-Titled-Tuesday-Blitz-April-02-2024"]
[Site "Chess.com"]
[Date "2024.04.02"]
[Round "10"]
[White "Bauman_Guy"]
[Black "francyIM"]
[Result "1-0"]
[WhiteElo "2912"]
[BlackElo "2797"]
[TimeControl "180+1"]
[EndTime "9:55:35 PDT"]
[Termination "Bauman_Guy won by resignation"]

1. e4 c5 2. Nf3 Nc6 3. d4 cxd4 4. Nxd4 g6 5. c4 Bg7 6. Be3 Nf6 7. Nc3 d6 8. Be2 O-O 9. O-O a5 10. f3 Bd7 11. b3 Nxd4 12. Bxd4 Bc6 13. Qd2 Nd7 14. Bf2 Nc5 15. Rab1 f5 16. exf5 gxf5 17. Rfe1 e6 18.
Rbd1 Be5 19. Bf1 Qf6 20. Rxe5 dxe5 21. Bxc5 Rfd8 22. Bd6 e4 23. c5 exf3 24. gxf3 Bxf3 25. Re1 Kh8 26. Kf2 Be4 27. Nxe4 fxe4+ 28. Kg1 Rg8+ 29.
Bg3 Raf8 30. Bg2 Rg4 31. Qd6 Kg8 32. Rf1 1-0

[Event "Early-Titled-Tuesday-Blitz-April-02-2024"]
[Site "Chess.com"]
[Date "2024.04.02"]
[Round "10"]
[White "AlainBruxelles"]
[Black "Ralf61"]
[Result "0-1"]
[WhiteElo "2306"]
[BlackElo "2509"]
[TimeControl "180+1"]
[EndTime "9:55:38 PDT"]
[Termination "Ralf61 won by resignation"]

1. e4 c6 2. d4 d5 3. exd5 cxd5 4.
c4 Nf6 5. Nc3 e6 6. Bg5 Be7 7. Nf3 O-O 8. cxd5 Nxd5 9. Bxe7 Qxe7 10. Bd3 Nxc3 11. bxc3 b6 12. O-O Bb7 13. Ne5 Nd7 14.
Qe2 Nxe5 15. Qxe5 Rac8 16. c4 Rfd8 17. Rfd1 Qd6 18. Qe3 g6 19. Bf1 Rd7 20. Rac1 Rcd8 21.
h4 h5 22. Qg5 Qe7 23. Qf4 Kg7 24.
Be2 Qf6 25. Qe3 Rxd4 26. Rxd4 Qxd4 27. Qg3 Qf6 28. c5 bxc5 29. Rxc5 Rd4 30. Rc7 Bd5 31. Rxa7 Rxh4 32. a4 Rb4 33. a5 h4 34. Qc7 Rb1+ 35.
Kh2 e5 36. Bf3 Qf4+ 0-1

[Event "Early-Titled-Tuesday-Blitz-April-02-2024"]
[Site "Chess.com"]
[Date "2024.04.02"]
[Round "10"]
[White "MNyuyu"]
[Black "nikitakhoroshev"]
[Result "0-1"]
[WhiteElo "2389"]
[BlackElo "2569"]
[TimeControl "180+1"]
[EndTime "9:55:39 PDT"]
[Termination "nikitakhoroshev won by resignation"]

1. d4 Nf6 2. Nf3 c5 3. e3 b6 4. Be2 Bb7 5. O-O g6 6. b3 Bg7 7. Bb2 O-O 8. c4 cxd4 9. Nxd4 d5 10. Nc3 dxc4 11. Bxc4 Nc6 12. Nxc6 Bxc6 13. Qe2 Qd7 14. Rfd1 Qf5 15. Rac1 Rfd8 16. a4 h5 17. h3 Qg5 18. f4 Qg3 19. Qf2 Qxf2+ 20. Kxf2 Ne4+ 21. Nxe4 Bxb2 22. Rxd8+ Rxd8 23. Rc2 Bxe4 24. Rxb2 Kf8 25. g3 f6 26. Be2 e5 27. Bf3 Bf5 28. e4 Bxh3 29. Rc2 Ke7 30. Ke3 Rc8 31. Rxc8 Bxc8 32.
fxe5 fxe5 33. Be2 a5 34. Bc4 Be6 35. Kd3 g5 0-1

[Event "Early-Titled-Tuesday-Blitz-April-02-2024"]
[Site "Chess.com"]
[Date "2024.04.02"]
[Round "10"]
[White "viviania"]
[Black "MagnusCarlsen"]
[Result "0-1"]
[WhiteElo "2912"]
[BlackElo "3218"]
[TimeControl "180+1"]
[EndTime "9:55:40 PDT"]
[Termination "MagnusCarlsen won by resignation"]

1. Nf3 Nf6 2. g3 b6 3. d4 Bb7 4. c4 g6 5. Bg2 Bg7 6. O-O O-O 7. d5 Na6 8. Nc3 Nc5 9. Qc2 e6 10. Rd1 exd5 11. cxd5 Re8 12. Bg5 a5 13. Rac1 h6 14. Bxf6 Qxf6 15. Nd4 Ba6 16. e3 h5 17. a3 a4 18. Nxa4 Bd3 19. Rxd3 Nxd3 20. Qxd3 Rxa4 21. Rxc7 Qd8 22. Nb5 Bxb2 23. d6 Ra5 24. Bh3 Qf6 25.
Bxd7 Rd8 26. Bc6 Bxa3 27. Bd5 Rxd6 28. Nxd6 Bxd6 29. Rd7 Be7 30. Qe4 Kf8 31. Rb7 Rc5 32. Kg2 Qd6 33. Bb3 Re5 34. Qf3 Rf5 35. Qe4 Qd2 36. Qxe7+ Kg7 37. Qxf7+ Rxf7 38. Rxf7+ Kh6 39. h4 Qd3 40. Be6 Qe4+ 0-1

[Event "Early-Titled-Tuesday-Blitz-April-02-2024"]
[Site "Chess.com"]
[Date "2024.04.02"]
[Round "10"]
[White "Rutricks"]
[Black "Chessexplained"]
[Result "0-1"]
[WhiteElo "2686"]
[BlackElo "2566"]
[TimeControl "180+1"]
[EndTime "9:55:40 PDT"]
[Termination "Chessexplained won on time"]

1. Nc3 d5 2. d4 Nf6 3. Bf4 a6 4. f3 c5 5. e3 Nc6 6. Qd2 e6 7. h4 b5 8. h5 h6 9. Nge2 Bd6 10.
g4 e5 11. dxe5 Nxe5 12. Bxe5 Bxe5 13. O-O-O Bb7 14. Rg1 b4 15. Na4 Qa5 16. b3 Bc6 17. g5 Bxa4 18. gxf6 Bc6 19. a4 Bxf6 20. Nf4 Rd8 21.
Qd3 c4 22. Qf5 cxb3 23. cxb3 Qc5+ 24. Bc4 Qxe3+ 25. Kb1 Qc3 26. Rg2 O-O 0-1

[Event "Early-Titled-Tuesday-Blitz-April-02-2024"]
[Site "Chess.com"]
[Date "2024.04.02"]
[Round "10"]
[White "DenLaz"]
[Black "KuzubovYuriy"]
[Result "1-0"]
[WhiteElo "3104"]
[BlackElo "2913"]
[TimeControl "180+1"]
[EndTime "9:55:41 PDT"]
[Termination "DenLaz won by resignation"]

1. d4 g6 2. c4 Bg7 3. Nf3 d6 4. g3 Nc6 5. Bg2 Nh6 6. O-O O-O 7.
Nc3 e5 8. dxe5 dxe5 9. Qxd8 Nxd8 10. Nxe5 Bxe5 11. Bxh6 Re8 12. Rad1 Be6 13. Nd5 c6 14. Bf4 Bxf4 15. Nf6+ Kf8 16. Nxe8 Be5 17. Nd6 Ke7 18. c5 a5 19. b3 a4 20. Rd3 axb3 21.
axb3 Ra2 22. e3 Rb2 23. Rfd1 Bxb3 24. Nc8+ Ke6 25. Rxd8 Bxd1 26. Rxd1 Rc2 27. Rb1 Kd7 28. Nd6 Bxd6 29. cxd6 b5 30. Rd1 b4 31. Bh3+ Kd8 32.
Ra1 1-0

[Event "Early-Titled-Tuesday-Blitz-April-02-2024"]
[Site "Chess.com"]
[Date "2024.04.02"]
[Round "10"]
[White "schachlana"]
[Black "InitiatingASC"]
[Result "0-1"]
[WhiteElo "2311"]
[BlackElo "2350"]
[TimeControl "180+1"]
[EndTime "9:55:43 PDT"]
[Termination "InitiatingASC won by resignation"]

1. Nf3 Nf6 2. g3 g6 3. Bg2 Bg7 4.
O-O O-O 5. c4 c6 6. d4 d6 7. Nc3 Nbd7 8. e4 e5 9. Re1 Qe7 10. Be3 Re8 11. h3 Nf8 12. d5 h6 13.
Rc1 Bd7 14. Qd2 Red8 15. Bxh6 cxd5 16. cxd5 Rdc8 17. Bxg7 Kxg7 18. Nh2 Rc4 19. b3 Rc7 20. f4 Rac8 21. Nf3 exf4 22. gxf4 Nxe4 23. Qd4+ Qf6 24.
Qxe4 Rxc3 25. Rxc3 Rxc3 26. Ng5 Nh7 27. Nxh7 Kxh7 28.
Qe7 Qf5 29. Qxd6 Kg8 30. Qb8+ Bc8 31. Qe5 Qxe5 32. fxe5 Bxh3 33. Bxh3 Rxh3 34. Rd1 Kf8 35. d6 Ke8 36. Rc1 Re3 37. Rc7 Rxe5 38. Rxb7 a5 39.
a3 Rd5 40. Ra7 g5 41. Kf2 f5 42. Ke3 Rb5 43. Kd4 f4 44. Kc4 Rf5 45. Rg7 f3 46. Kd3 f2 0-1

[Event "Early-Titled-Tuesday-Blitz-April-02-2024"]
[Site "Chess.com"]
[Date "2024.04.02"]
[Round "10"]
[White "WindWhistler11"]
[Black "PolandHussars"]
[Result "0-1"]
[WhiteElo "2445"]
[BlackElo "2585"]
[TimeControl "180+1"]
[EndTime "9:55:45 PDT"]
[Termination "PolandHussars won on time"]

1. c4 g6 2. Nc3 Bg7 3. e3 c5 4. Nge2 Nc6 5. g3 e5 6. Bg2 Nge7 7. a3 O-O 8. Rb1 a5 9. O-O d6 10. d3 Bg4 11. h3 Be6 12. Nd5 Rb8 13. Nec3 f5 14.
f4 exf4 15. Nxf4 Bf7 16. Bd2 Ne5 17. Qc2 g5 18. Nfd5 Bg6 19. Nxe7+ Qxe7 20. Nd5 Qd7 21. Bc3 b5 22. b3 a4 23. cxb5 axb3 24. Rxb3 Rxb5 25. Ne7+ Kh8 26. Bxe5 Bxe5 27. Bc6 Qxe7 28. Rxb5 Bxg3 29. Qe2 f4 30. Rb7 Qf6 31. Qb2 Qxb2 32. Rxb2 Bxd3 33. Rf3 c4 34. exf4 Bxf4 35. Rb4 Rc8 36.
Bd5 Be2 37. Kf2 Bxf3 38. Kxf3 c3 39. Be4 c2 40. Bxc2 Rxc2 41. a4 Kg7 0-1

[Event "Early-Titled-Tuesday-Blitz-April-02-2024"]
[Site "Chess.com"]
[Date "2024.04.02"]
[Round "10"]
[White "jcmesafischer"]
[Black "newauto"]
[Result "0-1"]
[WhiteElo "2370"]
[BlackElo "2188"]
[TimeControl "180+1"]
[EndTime "9:55:45 PDT"]
[Termination "newauto won by checkmate"]

1. e4 c6 2. Nc3 d5 3. Nf3 Bg4 4. h3 Bxf3 5. Qxf3 e6 6. d3 Nf6 7. g3 Bb4 8. a3 Bxc3+ 9. bxc3 O-O 10.
e5 Nfd7 11. d4 c5 12. Bg2 Nc6 13. Be3 Qa5 14. O-O Qxc3 15. Rab1 cxd4 16. Bf4 Qxf3 17. Bxf3 Ndxe5 18. Be2 Ng6 19. Rxb7 Nxf4 20. gxf4 Rab8 21. Rfb1 Rxb7 22. Rxb7 g6 23. Rc7 Na5 24. Rxa7 Nc4 25. a4 Rb8 26. a5 Rb2 27. a6 Rxc2 28. Ra8+ Kg7 29. a7 Ra2 30. Bd1 Ra1 31. Kg2 Ra2 32. Bb3 Ra3 33. Bc2 Nd2 34. h4 Ra2 35. Bd3 Ne4 36. Bb1 Ra1 37. Bc2 h5 38. Bd3 Nf6 39. Kf3 Ng4 40. Bb5 Ra2 41. Kg3 Nxf2 42. Bc6 Ne4+ 43. Kf3 Rf2# 0-1

[Event "Early-Titled-Tuesday-Blitz-April-02-2024"]
[Site "Chess.com"]
[Date "2024.04.02"]
[Round "10"]
[White "the_chess_child"]
[Black "edgarhay012"]
[Result "1-0"]
[WhiteElo "2826"]
[BlackElo "2619"]
[TimeControl "180+1"]
[EndTime "9:55:47 PDT"]
[Termination "the_chess_child won by resignation"]

1. e4 c5 2. Nf3 e6 3. d4 cxd4 4. Nxd4 Nf6 5. Nc3 Nc6 6. a3 d5 7.
Bb5 Bd7 8. exd5 exd5 9. O-O Be7 10. Re1 O-O 11. Bg5 Nxd4 12. Qxd4 Be6 13. Rad1 Rc8 14.
Bd3 h6 15. Bh4 a6 16. Ne2 Bc5 17. Qf4 Re8 18. Nd4 Bd6 19. Qd2 Bg4 20. Rxe8+ Qxe8 21. Re1 Qd8 22. Nf5 Bf8 23. Qf4 g5 24. Bxg5 hxg5 25. Qxg5+ Kh8 26. Nh6 Bh5 27. Re3 Bg7 28. Rh3 Qe7 29.
Nf5 Qe1+ 30. Bf1 Rg8 31. Rxh5+ Nxh5 32. Qxh5+ 1-0

[Event "Early-Titled-Tuesday-Blitz-April-02-2024"]
[Site "Chess.com"]
[Date "2024.04.02"]
[Round "10"]
[White "Journey_to_GrandMaster_YT"]
[Black "Binary010"]
[Result "0-1"]
[WhiteElo "2574"]
[BlackElo "2778"]
[TimeControl "180+1"]
[EndTime "9:55:47 PDT"]
[Termination "Binary010 won on time"]

1. d4 Nf6 2. Nf3 e6 3. c4 b6 4. a3 Bb7 5. Nc3 d5 6. cxd5 Nxd5 7. Qc2 Nxc3 8. bxc3 c5 9. e4 Nd7 10. Bd3 Qc7 11. O-O cxd4 12. cxd4 Qxc2 13. Bxc2 Rc8 14.
Bd3 Rc3 15. Rd1 Bd6 16. Bb2 Rb3 17. Ra2 Rxd3 18. Rxd3 Bxe4 19. Rd1 Ke7 20. Raa1 Nf6 21. Ne5 Rc8 22. Rdc1 Rxc1+ 23. Rxc1 Bd5 24. Nc6+ Kd7 25. Nxa7 Ne4 26. Nb5 Bf4 27. Re1 Bd2 28. Rd1 Bb3 29. Ra1 Ba4 30. Na7 Bf4 31. f3 Nf6 32. d5 Nxd5 33. Bxg7 Bb8 34. g4 Bxa7 35. Kg2 b5 36.
Rb1 f6 37. Bh6 Bc5 38. Bc1 Nc3 39. Ra1 Ne2 40. Bb2 e5 41. h4 Nf4+ 42. Kh2 Ke6 43. g5 fxg5 44. hxg5 Nd3 45. Bc3 Kf5 46. Kg3 Kxg5 47.
Rh1 h5 48. Bxe5 h4+ 49. Kg2 Nxe5 0-1

[Event "Early-Titled-Tuesday-Blitz-April-02-2024"]
[Site "Chess.com"]
[Date "2024.04.02"]
[Round "10"]
[White "toninhojit"]
[Black "mightysmasher"]
[Result "1-0"]
[WhiteElo "2509"]
[BlackElo "2571"]
[TimeControl "180+1"]
[EndTime "9:55:47 PDT"]
[Termination "toninhojit won by checkmate"]

1. d4 d5 2. c4 e6 3. Nc3 Nf6 4. cxd5 exd5 5. Bg5 Be7 6. e3 O-O 7. Qc2 c6 8. Bd3 Nbd7 9. Nge2 Re8 10. O-O Nf8 11. f3 h6 12. Bh4 Bd6 13. Bf2 Qc7 14. h3 Qd8 15. e4 Bb8 16. e5 N6h7 17. f4 b6 18. Rad1 Bb7 19. Ng3 a5 20. Qe2 c5 21.
Qh5 cxd4 22. Bxd4 Ne6 23. Bxh7+ Kxh7 24. Qxf7 Qe7 25. Qxe7 Rxe7 26. Be3 Re8 27. Nxd5 Bxd5 28. Rxd5 Nc5 29. Bxc5 bxc5 30. Rfd1 Ra7 31. Rd7 Re7 32.
Rxe7 Rxe7 33. b3 g5 34. Nf5 Re8 35. Rd7+ Kh8 36. Nxh6 gxf4 37. Kf2 a4 38. Kf3 axb3 39. axb3 Bxe5 40. Nf7+ Kg8 41. Nxe5 Rxe5 42. Kxf4 Re2 43.
g4 Rh2 44. Rd3 Kg7 45. Kg5 Kf7 46. h4 Re2 47. h5 Re5+ 48. Kf4 Re8 49. g5 Rf8 50.
Ke5 Re8+ 51. Kf5 Rf8 52. g6+ Kg8+ 53. Kg5 Re8 54. h6 c4 55. bxc4 Re5+ 56. Kf6 Re8 57.
Rd7 Ra8 58. c5 Ra6+ 59. Rd6 Ra8 60. c6 Rf8+ 61. Kg5 Ra8 62. c7 Kf8 63. Rd8+ Ke7 64. Rxa8 Kd7 65. Rf8 Kd6 66. g7 Kxc7 67. g8=Q Kd6 68.
Qf7 Ke5 69. Qe7+ Kd4 70. Rd8+ Kc4 71. Qc7+ Kb5 72. Rb8+ Ka6 73. Qb6# 1-0